 Dungeon Crawl Stone Soup version 0.28-a0-1513-ge4f4046303 (webtiles) character file.

Game seed: 11411933433695214417

319 Lekart the Skirmisher (level 6, 0/53 HPs)
             Began as a Draconian Abyssal Knight on Jan 16, 2022.
             Was a Believer of Lugonu.
             Succumbed to Edmund's poison
             ... on level 5 of the Dungeon.
             The game lasted 00:08:01 (4554 turns).

Lekart the Skirmisher (Draconian Abyssal Knight)    Turns: 4554, Time: 00:08:02

Health: 0/53       AC:  8    Str: 15    XL:     6   Next: 21%
Magic:  7/7        EV: 13    Int: 12    God:    Lugonu [**....]
Gold:   118        SH:  0    Dex: 14    Spells: 5/5 levels left

rFire   . . .      SeeInvis .   a - +1 falchion
rCold   . . .      Faith    .   (no shield)
rNeg    . . .      Spirit   .   (armour unavailable)
rPois   .          Reflect  .   (helmet restricted)
rElec   .          Harm     .   (no cloak)
rCorr   .          Rampage  .   d - +0 pair of gloves
Will    +....                   l - +0 pair of boots
Stlth   ++........              (no amulet)
HPRegen 0.17/turn               (no ring)
MPRegen 0.10/turn               (no ring)

@: mighty, lethally poisoned (0 -> -13)
A: AC +6, unfitting armour, cold-blooded, horns 1, clever 1, strong-willed 1
a: Renounce Religion, Depart the Abyss, Bend Space


You were on level 5 of the Dungeon.
You worshipped Lugonu.
Lugonu was pleased with you.
You visited 1 branch of the dungeon, and saw 5 of its levels.
You visited the Abyss 1 time.

You collected 118 gold pieces.

Inventory:

Hand Weapons
 a - a +1 falchion (weapon)
Missiles
 b - 2 poisoned darts (quivered)
 i - a throwing net
Armour
 d - a +0 pair of gloves (worn)
 l - a +0 pair of boots (worn)
Jewellery
 f - a ring of resist corrosion
Wands
 k - a wand of iceblast (2)
Scrolls
 c - 3 scrolls of identify {unknown}
 h - 2 scrolls of vulnerability {unknown}
 j - a scroll of fear
 m - a scroll of enchant weapon {unknown}
 o - 3 scrolls of brand weapon {unknown}
Potions
 e - 2 potions of mutation


   Skills:
 + Level 4.4 Fighting
 + Level 3.9 Long Blades
 + Level 1.9 Throwing
 + Level 3.8 Dodging
 + Level 1.0 Stealth
 + Level 2.0 Invocations


You had 5 spell levels left.
You didn't know any spells.
Your spell library contained the following spells:

 Spells                   Type           Power      Damage    Failure   Level
 Foxfire                  Conj/Fire      0%         2x1d4     32%         1
 Conjure Flame            Conj/Fire      0%         6-21      69%         3
 Inner Flame              Hex/Fire       0%         N/A       69%         3
 Flame Wave               Conj/Fire      0%         2d4       97%         4


Dungeon Overview and Level Annotations

Branches:
Dungeon (5/15)
 Temple: D:4-7

Altars:

Shops:
D:2 [   D:5 (

Annotations:
D:2 1 runed translucent door, Crazy Yiuf
D:3 exclusion: downstairs
D:5 Edmund


Innate Abilities, Weirdness & Mutations

Your plain brown scales are hard. (AC +6)
You cannot fit into any form of body armour.
You are cold-blooded and may be slowed by cold attacks.
You have a pair of small horns on your head.
Your mind is acute. (Int +2)
You are strong-willed. (Will+)


Message History

Edmund barely misses you.
You closely miss Edmund.
Your tail-slap misses Edmund.
Edmund is lightly wounded.
Edmund hits you but does no damage.
You are poisoned.
It was a potion of mutation.
You feel extremely strange. A pair of horns grows on your head!
You feel strong-willed.
You feel clever.
You feel very sick.
Edmund hits you with a +3 dire flail of venom!
You are more poisoned.
The white imp puffs mist at you.
It was a potion of might.
You feel very mighty all of a sudden.
You feel very sick.
Edmund hits you with a +3 dire flail of venom!
You are lethally poisoned!
It was a potion of heal wounds.
You feel much better.
You feel very sick.
Edmund gestures with his flail.
Edmund barely misses you.
You hit Edmund.
Edmund is moderately wounded.
You feel very sick.
Edmund hits you with a +3 dire flail of venom.
You are lethally poisoned!
You closely miss Edmund.
Edmund is moderately wounded.
* * * LOW HITPOINT WARNING * * *
You feel very sick. Edmund closely misses you.
The white imp picks up a beetle and eats it.
You hit Edmund.
Edmund is moderately wounded.
* * * LOW HITPOINT WARNING * * *
You feel very sick.
Edmund hits you with a +3 dire flail of venom!
* * * LOW HITPOINT WARNING * * *
You barely miss Edmund. You tail-slap Edmund!
Edmund is heavily wounded.
You die...

...............#.#
..............<#.#
...^...........#.#
....###........#.#
.... +........#.#
... #........#.#
#........#.#
##+#..##.#.# #..
#.#@# . #.. .#@#
.. #.. .#5#
...#+#+###'####
..........[...#
..............#
..............#
..............#
..............#


You could see Edmund and a white imp.

Vanquished Creatures
  An ogre (D:3)
  A bullfrog zombie (D:5)
  A hound skeleton (D:5)
  6 gnolls
  A howler monkey skeleton (D:5)
  6 adders
  A worm (D:3)
  3 dart slugs
  An orc (D:3)
  6 ball pythons
  7 bats
  6 endoplasms
  2 giant cockroaches
  9 goblins
  2 hobgoblins
  4 jackals (D:4)
  2 frilled lizards
  4 kobolds
  6 rats
69 creatures vanquished.

Notes
Turn   | Place    | Note
-------+----------+-------------------------------------------
     0 | Abyss:1  | Lekart the Draconian Abyssal Knight began the quest for the
                  | Orb.
     0 | Abyss:1  | Reached XP level 1. HP: 19/19 MP: 2/2
    15 | D:1      | Escaped the Abyss
   168 | D:1      | Reached XP level 2. HP: 15/26 MP: 3/3
   569 | D:1      | You fall into a shaft and drop 1 floor!
   607 | D:2      | Found Utsoem's Armour Shoppe.
  1352 | D:1      | Found a faded altar of an unknown god.
  1918 | D:2      | Reached XP level 3. HP: 32/33 MP: 4/4
  2077 | D:2      | Found a runed translucent door.
  2078 | D:2      | Noticed Crazy Yiuf
  2128 | D:2      | Reached skill level 4 in Fighting
  2342 | D:2      | Reached XP level 4. HP: 21/40 MP: 5/5
  2977 | D:3      | Reached ** piety under Lugonu
  3230 | D:3      | Identified the +0 leather armour of the Trout {Str+3}
  3304 | D:3      | Reached XP level 5. HP: 46/46 MP: 6/6
  3426 | D:3      | Noticed an ogre
  3431 | D:3      | Killed an ogre
  3432 | D:3      | Reached skill level 1 in Throwing
  4162 | D:4      | Noticed a steam dragon
  4452 | D:5      | Entered Level 5 of the Dungeon
  4462 | D:5      | Found Zekuall's Antique Weapon Shop.
  4476 | D:5      | Reached skill level 1 in Stealth
  4476 | D:5      | Reached XP level 6. HP: 53/53 MP: 7/7
  4536 | D:5      | Noticed Edmund
  4548 | D:5      | Gained mutation: You have a pair of small horns on your
                  | head. [potion of mutation]
  4548 | D:5      | Gained mutation: You are strong-willed. (Will+) [potion of
                  | mutation]
  4548 | D:5      | Gained mutation: Your mind is acute. (Int +2) [potion of
                  | mutation]
  4553 | D:5      | HP: 2/53 [Edmund (9)]
  4554 | D:5      | Succumbed to Edmund's poison

Illustrated notes

Levels and vault maps discovered:
D:1:      amcnicky_arrival_blooded_trapdoor, layout_loops_ring,
          dilly_ecumenical_altar_fadedgnrine, chequers_serial_rivers_small_b,
          corexii_item_surrounded_by_moat, minmay_split_cup_small
D:2:      layout_loops_corners, serial_shops, nicolae_shop_hallway_plus,
          serial_co_window_serial, co_window_corner_a, co_window_paths_a,
          co_window_corner_a, co_window_corner_a, co_window_corner_a,
          co_window_paths_a, co_window_unsneaky_path_c, co_window_paths_c,
          co_window_of_opportunity_b, co_window_broadway_a, glass_columns_b,
          glass_columns_a, glass_columns_a, glass_columns_b, glass_columns_b,
          uniq_crazy_yiuf_cottage
D:3:      layout_basic
D:4:      layout_loops_ring
D:5:      layout_basic, kennysheep_mini, minmay_temple_entry_statues_pillars,
          serial_shops, shop_fountains, uniq_eustachio, uniq_grinder,
          uniq_edmund

Skill      XL: |  1  2  3  4  5 |
---------------+----------------+-----
Fighting       | 4 |  4.4
Dodging        | 3 |  3.8
Long Blades    | 3 |  3.9
Throwing       | 1 |  1.9
Stealth        | 1 |  1.0
Invocations    | |  2.0

Action                   |  1- 3 |  4- 6 || total
-------------------------+-------+-------++-------
Melee: Falchion          |   100 |   119 ||   219
       Tailslap          |     9 |    11 ||    20
       Punch             |       |     3 ||     3
Throw: Dart              |     5 |    49 ||    54
       Throwing net      |       |     5 ||     5
  Use: Scroll            |     4 |       ||     4
       Potion            |       |     3 ||     3
 Stab: Sleeping          |     1 |       ||     1
       Held in net/web   |       |     2 ||     2
Armor: Skin              |    28 |    43 ||    71
Dodge: Dodged            |    72 |   103 ||   175

Table legend: (Time is in decaauts)
 A = Elapsed time spent in this place.
 B = Non-inter-level travel time spent in this place.
 C = Inter-level travel time spent in this place.
 D = Time resting spent in this place.
 E = Time spent auto-exploring this place.
 F = Levels seen in this place.
 G = Mean time per level.
                   A        B        C        D        E       F      G
               +--------+--------+--------+--------+--------+-----+--------+
         Total |   4594 |   4449 |    145 |    875 |   2661 |   6 |  765.7 |
       Dungeon |   4579 |   4434 |    145 |    875 |   2655 |   5 |  915.8 |
         Abyss |     15 |     15 |      0 |      0 |      6 |   1 |   15.0 |
               +--------+--------+--------+--------+--------+-----+--------+

Top non-repeatable levels by time:
     D:2: 1889 daAuts
     D:3: 1409 daAuts
     D:1: 1004 daAuts
     D:4: 171 daAuts
     D:5: 105 daAuts
 Abyss:1: 15 daAuts
